 Dungeon Crawl Stone Soup version 0.31-a0-986-g5e6e4ef867 (webtiles) character file.

Game seed: 4404776925863222116

84 Persephone the Poker (level 4, -2/35 HPs)
             Began as a Merfolk Berserker on Nov 7, 2023.
             Was a Believer of Trog.
             Slain by Jessica
             ... wielding a +0 club
              (4 damage)
             ... on level 3 of the Dungeon.
             The game lasted 00:02:52 (1637 turns).

Persephone the Poker (Merfolk Berserker)            Turns: 1637, Time: 00:02:53

Health: -2/35      AC: 12    Str: 22    XL:     4   Next: 45%
Magic:  4/4        EV:  8    Int:  9    God:    Trog [**....]
Gold:   83         SH:  9    Dex: 13    Spells: 3/3 levels left

rFire   . . .        r - +4 long sword of Avebo {heavy, rElec Str+3 Int+3}
rCold   + . .        k - +0 buckler
rNeg    . . .        h - +0 ring mail
rPois   +            (no helmet)
rElec   +            t - +2 cloak {rPois}
rCorr   .            (no gloves)
SInv    .            (no boots)
Will    .....        i - amulet of reflection
Stlth   +            d - +4 ring of protection
HPRegen 0.25/turn    j - ring of protection from cold
MPRegen 0.09/turn

%: reflection
@: on berserk cooldown, slowed, constricted, very slow
A: (nimble swimmer 2), mertail
a: Renounce Religion, Berserk, Trog's Hand


You were on level 3 of the Dungeon.
You worshipped Trog.
Trog was pleased with you.
You visited 1 branch of the dungeon, and saw 3 of its levels.

You collected 83 gold pieces.

Inventory:

Hand Weapons
 a - a +0 spear
 r - the +4 long sword of Avebo (weapon) {heavy, rElec Str+3 Int+3}
   (You found it on level 2 of the Dungeon)

   Str+3:     It affects your strength (+3).
   Int+3:     It affects your intelligence (+3).
   rElec:     It insulates you from electricity.
Armour
 b - a +0 animal skin
 h - a +0 ring mail (worn)
 k - a +0 buckler (worn)
 t - a +2 cloak of poison resistance (worn)
Jewellery
 d - a +4 ring of protection (left hand)
 i - an amulet of reflection (around neck)
 j - a ring of protection from cold (right hand)
 p - an amulet of regeneration
Scrolls
 c - 3 scrolls of identify {unknown}
 e - a scroll of amnesia {unknown}
 f - a scroll of enchant weapon {unknown}
 g - a scroll of noise {unknown}
 l - a scroll of fear {unknown}
 m - a scroll of immolation {unknown}
 o - a scroll of vulnerability {unknown}
Potions
 n - a potion of curing
 q - a potion of heal wounds {unknown}
 s - a potion of berserk rage {unknown}


   Skills:
 - Level 3.2 Fighting
 + Level 2.3 Long Blades
 - Level 6.1 Polearms
 - Level 1.3 Armour
 - Level 2.6 Dodging


You had 3 spell levels left.
You didn't know any spells.
Your spell library was empty.

Dungeon Overview and Level Annotations

Branches:
Dungeon (3/15)

Altars:

Annotations:
D:3 Jessica


Innate Abilities, Weirdness & Mutations

((You are very nimble when in or above water. (Stealth+, EV+, Speed+++)))
Your lower body shifts to a powerful aquatic tail in water.


Message History

You block the ball python's attack. The giant cockroach barely misses you.
Jessica casts a spell.
Jessica blinks!
You block the ball python's attack. x2
The giant cockroach attacks as it pursues you!
The giant cockroach bites you but does no damage.
Jessica completely misses you. The ball python barely misses you.
You block the ball python's attack.
There is a stone staircase leading up here.
Jessica hits you with a +0 club. You block the giant cockroach's attack.
The ball python bites you but does no damage.
The ball python grabs you.
You stop ascending the stairs.
The ball python constricts you.
Jessica points at you and mumbles some strange words.
Pain shoots through your body!
* * * LOW HITPOINT WARNING * * *
The giant cockroach bites you but does no damage.
The ball python bites you but does no damage.
The ball python constricts you.
* * * LOW HITPOINT WARNING * * *
Unknown command.
It was a potion of curing.
You feel better. Jessica hits you but does no damage.
You block the giant cockroach's attack. You block Jessica's attack.
The ball python barely misses you. The ball python constricts you.
The giant cockroach bites you but does no damage.
Jessica barely misses you.
You closely miss Jessica. Jessica gestures at you while chanting.
Pain shoots through your body!
* * * LOW HITPOINT WARNING * * *
You block the ball python's attack. The ball python constricts you.
The giant cockroach closely misses you. You block Jessica's attack.
The ball python bites you but does no damage.
The ball python constricts you.
The giant cockroach bites you but does no damage.
Jessica hits you but does no damage.
The ball python bites you but does no damage.
The ball python constricts you. The giant cockroach closely misses you.
Jessica hits you with a +0 club.
You die...

....#.# .....#.# .#..#.#
# ...... #.# .#.
##.#....## # ... ..
........##.#. #....
##.#..#..##.#.# #.#.#
.....rS@.......###.#.##.
...#..#@B##.#.#.........
#......##.#...........
#...#...#.......<...#.
...?..#...###.#...!.....
.##...#.................
................#.#..#.
......................#
#.......................


You could see Jessica (fast), a quokka, a giant cockroach and a ball python.

Vanquished Creatures
  Crazy Yiuf (D:2)
  An adder (D:2)
  2 worms (D:2)
  A dart slug (D:1)
  3 endoplasms
  3 giant cockroaches
  2 goblins (D:2)
  3 hobgoblins (D:1)
  4 jackals (D:1)
  5 kobolds
  3 quokkas
  2 ball pythons
  A bat (D:1)
  2 frilled lizards
  5 rats
38 creatures vanquished.

Notes
Turn   | Place    | Note
-------+----------+-------------------------------------------
     0 | D:1      | Persephone the Merfolk Berserker began the quest for the
                  | Orb.
     0 | D:1      | Reached XP level 1. HP: 18/18 MP: 1/1
    92 | D:1      | Reached XP level 2. HP: 24/24 MP: 2/2
   263 | D:1      | Reached skill level 5 in Polearms
   331 | D:1      | Found a faded altar of an unknown god.
   612 | D:1      | Reached ** piety under Trog
   613 | D:1      | Reached XP level 3. HP: 27/29 MP: 3/3
  1088 | D:2      | Found a runed translucent door.
  1090 | D:2      | Noticed Crazy Yiuf
  1168 | D:2      | Reached skill level 6 in Polearms
  1203 | D:2      | Identified the +4 long sword of Avebo {heavy, rElec Str+3
                  | Int+3}
  1451 | D:2      | Reached skill level 1 in Long Blades
  1558 | D:2      | Killed Crazy Yiuf
  1559 | D:2      | Reached XP level 4. HP: 35/35 MP: 4/4
  1618 | D:3      | Noticed Jessica
  1637 | D:3      | Slain by Jessica

Illustrated notes

Levels and vault maps discovered:
D:1:      onia_arrival_handbag, layout_loops_ring,
          shapermc_ecumenical_altar_acropolis, corexii_item_surrounded_by_moat,
          nicolae_kite_square_tiling_tiny
D:2:      layout_loops_ring, uniq_crazy_yiuf_cottage
D:3:      layout_basic, uniq_jessica, uniq_terence

Skill      XL: |  1  2  3 |
---------------+----------+-----
Polearms       | 5 6 |  6.1
Long Blades    | 2 |  2.3
Fighting       | |  3.2
Armour         | |  1.3
Dodging        | |  2.6

Action                     |  1- 3 |  4- 6 || total
---------------------------+-------+-------++-------
  Melee: Spear             |   119 |       ||   119
         Punch             |     1 |       ||     1
         Long sword        |    17 |     3 ||    20
 Invoke: Berserk           |     1 |     1 ||     2
    Use: Potion            |       |     1 ||     1
 Armour: Animal skin       |    27 |       ||    27
         Ring mail         |    15 |    21 ||    36
  Dodge: Dodged            |    56 |    11 ||    67
  Block: Buckler           |    17 |    16 ||    33
         Other             |     5 |       ||     5
         Reflection        |     2 |       ||     2

Table legend: (Time is in decaauts)
 A = Elapsed time spent in this place.
 B = Non-inter-level travel time spent in this place.
 C = Inter-level travel time spent in this place.
 D = Time resting spent in this place.
 E = Time spent auto-exploring this place.
 F = Levels seen in this place.
 G = Mean time per level.
                   A        B        C        D        E       F      G
               +--------+--------+--------+--------+--------+-----+--------+
         Total |   1644 |   1540 |    104 |      0 |   1200 |   3 |  548.0 |
       Dungeon |   1644 |   1540 |    104 |      0 |   1200 |   3 |  548.0 |
               +--------+--------+--------+--------+--------+-----+--------+

Top non-repeatable levels by time:
     D:1: 832 daAuts
     D:2: 789 daAuts
     D:3: 21 daAuts
